 Dungeon Crawl Stone Soup version 0.28-a0-1213-g0243856f03 (webtiles) character file.

Game seed: 3990255322179833549

35 Creed the Magician (level 3, -1/24 HPs)
             Began as a Demonspawn Hedge Wizard on Dec 21, 2021.
             Was an Initiate of Hepliaklqana.
             Slain by an adder (2 damage)
             ... on level 2 of the Dungeon.
             The game lasted 00:04:18 (1390 turns).

Creed the Magician (Demonspawn Hedge Wizard)        Turns: 1390, Time: 00:04:18

Health: -1/24      AC:  2    Str: 10    XL:     3   Next: 16%
Magic:  0/8        EV: 12    Int: 17    God:    Hepliaklqana [......]
Gold:   13         SH:  0    Dex: 12    Spells: 8/9 levels left

rFire   . . .      SeeInvis .   a - +0 dagger
rCold   . . .      Faith    .   (no shield)
rNeg    . . .      Spirit   +   b - +0 robe
rPois   .          Reflect  .   c - +0 hat
rElec   .          Harm     .   (no cloak)
rCorr   .          Rampage  .   (no gloves)
Will    .....                   (no boots)
Stlth   ++........              e - amulet of guardian spirit
HPRegen 0.08/turn               (no ring)
MPRegen 0.22/turn               (no ring)

@: lethally poisoned (-1 -> -7)
A: magic regeneration
a: Renounce Religion


You were on level 2 of the Dungeon.
You worshipped Hepliaklqana.
Hepliaklqana was noncommittal.
You visited 1 branch of the dungeon, and saw 2 of its levels.

You collected 13 gold pieces.

Inventory:

Hand Weapons
 a - a +0 dagger (weapon)
Armour
 b - a +0 robe (worn)
 c - a +0 hat (worn)
Jewellery
 e - an amulet of guardian spirit (around neck)
Scrolls
 d - a scroll of blinking
 h - a scroll of summoning
Potions
 g - a potion of magic


   Skills:
 - Level 1.7 Dodging
 - Level 1.7 Stealth
 + Level 3.6 Spellcasting
 + Level 2.2 Conjurations
 - Level 1.0 Summonings
 - Level 0.8 Translocations


You had 8 spell levels left.
You knew the following spells:

 Your Spells              Type           Power      Damage    Failure   Level
a - Magic Dart            Conj           40%        1d5       6%          1

Your spell library contained the following spells:

 Spells                   Type           Power      Damage    Failure   Level
 Slow                     Hex            12%        N/A       17%         1
 Blink                    Tloc           10%        N/A       17%         2
 Call Imp                 Summ           6%         N/A       17%         2
 Conjure Flame            Conj/Fire      6%         6-21      30%         3
 Mephitic Cloud           Conj/Pois/Air  5%         N/A       36%         3


Dungeon Overview and Level Annotations

Branches:
Dungeon (2/15)

Altars:
Hepliaklqana


Innate Abilities, Weirdness & Mutations

You regenerate magic rapidly.


Message History

The adder bites you. The adder closely misses you. The worm closely misses you.
You hit the worm.
The worm is severely wounded.
The adder bites you.
You barely miss the worm.
The worm is severely wounded.
The adder barely misses you. The worm closely misses you.
You hit the worm.
The worm is almost dead.
The adder bites you. The adder bites you but does no damage.
You hit the worm but do no damage.
The worm is almost dead.
The worm bites you but does no damage. The adder bites you.
You are poisoned.
The adder poisons you!
Casting: Magic Dart (safe; 7% risk of failure)
Confirm with . or Enter, or press ? or * to list all spells.
You don't have enough magic to cast this spell.
Unknown command.
Casting: Magic Dart (safe; 7% risk of failure)
Confirm with . or Enter, or press ? or * to list all spells.
You don't have enough magic to cast this spell.
Unknown command.
You feel sick.
You hit the worm.
The worm is almost dead.
You feel sick. The adder bites you.
* * * LOW HITPOINT WARNING * * *
You are lethally poisoned!
The adder poisons you!
You hit the worm.
You kill the worm!
* * * LOW HITPOINT WARNING * * *
You feel sick. The adder bites you but does no damage. The adder misses you.
Okay, then.
Okay, then.
You closely miss the adder.
* * * LOW HITPOINT WARNING * * *
You feel sick. The adder bites you.
You die...

### #.#....# #...#.#
#. #...#.#.##.#
#...#.. .. #.......###
#...### ###
##.#......###...###
#........#.......# #
#.##.._..#.##....... .
#.###....†...........
.
..##....S........#....
. ###
#.#..@#.#.###.#.... .
#.......#... ...##. .
#.............### .
#.......####...
#.#...#.# .# #.......#
# #......## #.#.##.


You could see an adder.

Vanquished Creatures
  A worm (D:2)
  2 dart slugs (D:1)
  2 endoplasms
  A giant cockroach (D:1)
  4 goblins
  3 hobgoblins
  A quokka (D:1)
  4 ball pythons
  2 bats
  2 frilled lizards (D:1)
  2 kobolds
  2 rats
26 creatures vanquished.

Notes
Turn   | Place    | Note
-------+----------+-------------------------------------------
     0 | D:1      | Creed the Demonspawn Hedge Wizard began the quest for the
                  | Orb.
     0 | D:1      | Reached XP level 1. HP: 13/13 MP: 4/4
   309 | D:1      | Gained mutation: You regenerate magic rapidly. [demonic
                  | ancestry]
   309 | D:1      | Reached XP level 2. HP: 9/19 MP: 0/6
  1278 | D:2      | Reached XP level 3. HP: 24/24 MP: 4/8
  1299 | D:2      | Found a hazy altar of Hepliaklqana.
  1329 | D:2      | Became a worshipper of Hepliaklqana the Forgotten
  1390 | D:2      | HP: 1/24 [poisoned by an adder]
  1390 | D:2      | Slain by an adder

Illustrated notes

Levels and vault maps discovered:
D:1:      scummos_arrival_hexagon, layout_basic, glass_columns_c
D:2:      layout_loops_cross, serial_shops, nicolae_shop_advertising_works
          [nicolae_subvault_shop_adworks], basic_altar, minmay_misc_feat_plants,
          chequers_serial_rivers_micro_b

Skill      XL: |  1  2 |
---------------+-------+-----
Conjurations   | 2 |  2.2
Dodging        | |  1.7
Stealth        | |  1.7
Spellcasting   | |  3.6
Summonings     | |  1.0
Translocations | |  0.8

Action                   || total
-------------------------++-------
Melee: Dagger            ||    27
 Cast: Magic Dart        ||    66
  Use: Scroll            ||     3
 Stab: Sleeping          ||     1
Armor: Robe              ||     5
Dodge: Dodged            ||    19

Table legend: (Time is in decaauts)
 A = Elapsed time spent in this place.
 B = Non-inter-level travel time spent in this place.
 C = Inter-level travel time spent in this place.
 D = Time resting spent in this place.
 E = Time spent auto-exploring this place.
 F = Levels seen in this place.
 G = Mean time per level.
                   A        B        C        D        E       F      G
               +--------+--------+--------+--------+--------+-----+--------+
         Total |   1392 |   1295 |     97 |    349 |    732 |   2 |  696.0 |
       Dungeon |   1392 |   1295 |     97 |    349 |    732 |   2 |  696.0 |
               +--------+--------+--------+--------+--------+-----+--------+

Top non-repeatable levels by time:
     D:1: 1180 daAuts
     D:2: 212 daAuts
